AoeStats
← saschauli

Arena

509835375Analyzed
1v1 RM · 5d ago on Sep 28, 2026· 21m 35s· 2 players
Game mode
Random Map
Map size
Tiny (2 player)
Population
200
Speed
Normal
Resources
Standard
Victory
Conquest
Starting age
Dark Age
Ending age
Imperial Age
RankedLock teamsTeams togetherTeam positionsShared explorationLock speedFull tech treeHidden civsTurbo modeCheats
Victory
Defeat
🇩🇪 Poles · Germany
939
+16
🇿🇦 Byzantines · South Africa
949
-46
saschauli
10:12 Feudal Age
16:31 Castle Age
14:33 Horse Collar
14:56 Loom
15:04 Double-Bit Axe
15:22 Stone Mining
15:55 Forging
16:22 Scale Barding Armor
20:18 Bow Saw
21:41 Scale Mail Armor
grim9889
12:41 Feudal Age
13:29 Double-Bit Axe
13:26 Horse Collar
14:32 Wheelbarrow
20:08 Arson
Connection lost

Rejoining the realm…

Still unreachable

The connection could not be restored.

Session expired

The server has moved on; the page needs a fresh start.